 Dungeon Crawl Stone Soup version 0.21-a0-19-g210df22 (webtiles) character file.

202 poirepourri the Insei (level 5, -1/37 HPs)
             Began as a Merfolk Transmuter on May 24, 2017.
             Slain by a sun demon (15 damage)
             ... summoned by a kobold demonologist
             ... on level 4 of the Dungeon.
             The game lasted 00:06:32 (4507 turns).

poirepourri the Insei (Merfolk Transmuter)          Turns: 4507, Time: 00:06:32

Health: -1/37      AC:  7    Str: 10    XL:     5   Next: 80%
Magic:  9/9        EV: 14    Int: 12    God:
Gold:   180        SH:  0    Dex: 16    Spells: 3/9 levels left

rFire    x . .     SeeInvis .     - Unarmed
rCold    + . .     Gourm    .   (no shield)
rNeg     . . .     Faith    .   b - +0 robe
rPois    .         Spirit   .   (no helmet)
rElec    .         Reflect  .   m - +2 cloak
rCorr    .         Harm     .   u - +0 pair of gloves
MR       .....                  f - +0 pair of boots
Stlth    ++........             (no amulet)
Regen    0.2/turn               i - ring of stealth
MPRegen  0.2/turn               s - ring of ice

@: drained
A: change form in water, swift swim, stealthy swim
a: no special abilities


You were on level 4 of the Dungeon.
You were hungry.

You visited 1 branch of the dungeon, and saw 4 of its levels.

You collected 180 gold pieces.

Inventory:

Hand Weapons
 a - a +2 blowgun
Missiles
 e - 7 tomahawks (quivered)
 x - 21 arrows
 y - 11 poisoned needles
 z - 8 tomahawks of returning
Armour
 b - a +0 robe (worn)
 f - a +0 pair of boots (worn)
 m - a +2 cloak (worn)
 u - a +0 pair of gloves (worn)
Jewellery
 i - a ring of stealth (left hand)
 s - a ring of ice (right hand)
Wands
 d - a wand of disintegration (11/24)
Scrolls
 k - 5 scrolls of remove curse
 o - a scroll of recharging
Potions
 g - 3 potions of brilliance
 h - 2 potions of curing
 j - a potion of berserk rage
 l - a potion of haste {unknown}
 n - 3 potions of agility
 p - 2 potions of lignification
 t - a potion of ambrosia {unknown}
 v - 2 potions of might
Books
 c - a book of Changes

   Spells                             Type                      Level
   a - Beastly Appendage              Transmutation                1
   b - Sticks to Snakes               Transmutation                2
   c - Spider Form                    Transmutation/Poison         3
   d - Ice Form                       Ice/Transmutation            4
   e - Blade Hands                    Transmutation                5


   Skills:
 - Level 1.1(1.0) Fighting
 + Level 4.2 Dodging
 + Level 5.4 Unarmed Combat
 - Level 2.7 Spellcasting
 + Level 3.6 Transmutations


You had 3 spell levels left.
You knew the following spells:

 Your Spells              Type           Power        Failure   Level  Hunger
a - Beastly Appendage     Tmut           ##....       6%          1    #......
b - Sticks to Snakes      Tmut           ##......     9%          2    ###....
c - Spider Form           Tmut/Pois      #.........   36%         3    ###....


Dungeon Overview and Level Annotations

Branches:
Dungeon (4/15)
 Temple: D:4-7

Altars:
Hepliaklqana
Nemelex Xobeh


Message History

The kobold demonologist begins to cast a cantrip, but forgets the words!
There is an open door here.
The crimson imp blinks!
The kobold demonologist gestures wildly while chanting.
There is an open door here.
You closely miss the crimson imp.
You headbutt the crimson imp, but do no damage.
The crimson imp misses you.
The kobold demonologist miscasts a cantrip.
You closely miss the crimson imp.
The crimson imp blinks!
There's a creature in the doorway!
As you read the scroll of magic mapping, it crumbles to dust.
You feel aware of your surroundings.
You sensed 2 altars.
Your horns disappear.
The sun demon barely misses you. x2
You hit the sun demon.
The sun demon is lightly wounded.
The sun demon hits you!
You are engulfed in flames!
The fire burns you terribly!
You die...

,,,,****,* *****,********
***,****,* *<,,,,,,,,*,,,
*,,,,,**,*#####*****************,
*,,,,,**,,..#..,,,,,,,,,,,,,,,**,
,,,_,,,,,,#.#.############***,**,
*,,,,,*,**#.#.#8P#......?#≈8*,*,,
*,,,,,*,* #.#.#P.#≈≈≈≈≈≈≈#,≈*,*,*
***,***,* #...#..#..≈≈P..#,,*,,,*
***,,,,,* #..©#.@3§.P⌠≈..+,©*,,,*
,,,,***** #...#..#.(5≈P..#,,*,,**
***,* #<..#P.#≈≈≈≈≈≈≈#,≈*,** *,,*
***#...#8P#5K5....#≈8*,* *,**
*,*#...############***,*
**,*****,........,,,,,,,,,,,,,***
,,,,,,,............,,,,,,,,,,,,,,
*****#......#...###*********,***,
#...../#.#...,,,,,,,,,*,***,


You could see a sun demon, an iron imp and a crimson imp.

Vanquished Creatures
  6 adders
  3 worms (D:2)
  3 dart slugs
  2 leopard geckos
  An orc (D:3)
  A ball python (D:2)
  2 giant cockroaches
  9 hobgoblins
  4 jackals (D:1)
  A quokka (D:3)
  8 bats
  6 frilled lizards
  5 goblins
  8 kobolds
  8 rats
67 creatures vanquished.

Vanquished Creatures (collateral kills)
  A dart slug (D:4)
  A bat (D:3)
2 creatures vanquished.

Vanquished Creatures (others)
  Sigmund (D:3)
  A goblin (D:3)
2 creatures vanquished.

Grand Total: 71 creatures vanquished

Notes
Turn   | Place    | Note
-------+----------+-------------------------------------------
     0 | D:1      | poirepourri the Merfolk Transmuter began the quest for the Orb.
     0 | D:1      | Reached XP level 1. HP: 15/15 MP: 3/3
   161 | D:1      | Reached XP level 2. HP: 2/21 MP: 5/5
   781 | D:1      | Learned a level 2 spell: Sticks to Snakes
  1129 | D:1      | Reached XP level 3. HP: 22/26 MP: 6/6
  1750 | D:2      | Reached skill level 4 in Unarmed Combat
  1783 | D:2      | HP: 1/26 [worm (5)]
  2116 | D:2      | Reached XP level 4. HP: 27/32 MP: 8/8
  2638 | D:2      | Learned a level 3 spell: Spider Form
  3180 | D:3      | Noticed Sigmund
  3578 | D:3      | Killed Sigmund
  3578 | D:3      | Reached skill level 5 in Unarmed Combat
  3578 | D:3      | Reached XP level 5. HP: 34/37 MP: 2/9
  3619 | D:3      | Found a sparkling altar of Nemelex Xobeh.
  3840 | D:3      | Found a hazy altar of Hepliaklqana.
  4407 | D:4      | Noticed a kobold demonologist
  4502 | D:4      | Noticed a sun demon
  4507 | D:4      | Slain by a sun demon

Vault maps used:
D:1:      dpeg_arrival_shelter
D:3:      minmay_door_path, marbit_many_paths, nemelex_altar_shiori,
          uniq_sigmund
D:4:      gammafunk_wand_slinger, nicolae_overflow_crystal_walls,
          cheibriados_altar_1, grunt_decor_mini_mirrors

Skill      XL: |  1  2  3  4 |
---------------+-------------+-----
Dodging        | 3 4 |  4.2
Transmutations | 3 |  3.6
Unarmed Combat | 4 5 |  5.4
Fighting       | |  1.1
Spellcasting   | |  2.7

Action                   |  1- 3 |  4- 6 || total
-------------------------+-------+-------++-------
Melee: Unarmed           |   134 |   132 ||   266
       Headbutt          |    12 |     5 ||    17
       Punch             |     3 |       ||     3
 Fire: Blowgun           |       |     4 ||     4
 Cast: Beastly Appendage |    17 |    10 ||    27
       Sticks to Snakes  |     1 |     7 ||     8
  Use: Potion            |     2 |     2 ||     4
       Scroll            |     8 |     9 ||    17
 Stab: Sleeping          |       |     1 ||     1
  Eat: Fruit             |     4 |       ||     4
       Chunk             |       |     4 ||     4
       Bread ration      |       |     1 ||     1
Armor: Robe              |    60 |    37 ||    97
Dodge: Dodged            |   132 |    96 ||   228
